 Dungeon Crawl Stone Soup version 0.30-a0-368-g86fb4627a9 (webtiles) character file.

Game seed: 8113015735400406759

412 bande the Covered (level 6, -2/38 HPs)
             Began as a Gargoyle Fighter on Nov 20, 2022.
             Slain by an ice beast (13 damage)
             ... on level 3 of the Dungeon.
             The game lasted 00:04:57 (3665 turns).

bande the Covered (Gargoyle Fighter)                Turns: 3665, Time: 00:04:57

Health: -2/38      AC: 19    Str: 19    XL:     6   Next: 90%
Magic:  6/6        EV:  5    Int:  9    God:
Gold:   240        SH:  4    Dex: 11    Spells: 5/5 levels left

rFire   . . .      SeeInvis .    a - +0 war axe
rCold   . . .      Faith    .    c - +0 buckler
rNeg    + . .      Spirit   .    j - +0 plate armour
rPois   ∞          Reflect  .    n - +0 helmet
rElec   +          Harm     .    l - +1 cloak
rCorr   .          Rampage  .    (no gloves)
Will    .....                    (no boots)
Stlth   ..........               (no amulet)
HPRegen 0.26/turn                (no ring)
MPRegen 0.10/turn                (no ring)

@: no status effects
A: sickness immunity, AC +4, negative energy resistance 1, electricity
resistance, torment resistance 1, petrification resistance
a: no special abilities


You were on level 3 of the Dungeon.
You visited 1 branch of the dungeon, and saw 4 of its levels.

You collected 264 gold pieces.
You spent 24 gold pieces at shops.

Inventory:

Hand Weapons
 a - a +0 war axe (weapon)
 g - a +0 flail
Armour
 c - a +0 buckler (worn)
 j - a +0 plate armour (worn)
 l - a +1 cloak (worn)
 n - a +0 helmet (worn)
Wands
 b - a wand of flame (14)
 o - a wand of light (6)
Scrolls
 f - 2 scrolls of magic mapping
Potions
 d - a potion of might
 e - a potion of heal wounds {unknown}
 i - 2 potions of brilliance
 m - a potion of curing


   Skills:
 + Level 4.2 Fighting
 + Level 4.6 Axes
 + Level 4.7 Armour
 - Level 0.5 Dodging
 + Level 3.9 Shields
 * Level 1.5 Evocations


You had 5 spell levels left.
You didn't know any spells.
Your spell library contained the following spells:

 Spells                   Type           Power      Damage    Failure   Level
 Ignite Poison            Fire/Tmut/Pois 0%         N/A       100%        3
 Kindle Blastsparks       Fire/Tloc/Air  0%         2d10      100%        3
 Freezing Cloud           Conj/Ice/Air   0%         6-21      100%        5


Dungeon Overview and Level Annotations

Branches:
Dungeon (4/15)
 Temple: D:4-7

Altars:
Ashenzari
Dithmenos
Xom
Zin

Shops:
D:1 !   D:4 *

Annotations:
D:4 Cancer's ghost, amateur GrEE


Innate Abilities, Weirdness & Mutations

You are immune to sickness and miasma.
Your stone body is resilient. (AC +4)
You are immune to poison.
You resist negative energy. (rN+)
You are resistant to electric shocks. (rElec)
You are resistant to unholy torment.
You are immune to petrification.


Message History

The hound simulacrum bites you but does no damage.
You climb upwards.
There is a stone staircase leading down here.
You start resting.
HP restored.
You start waiting.
Done waiting.
You start waiting.
Done waiting.
You climb downwards.
Level annotation: Cancer's ghost, amateur GrEE The hound simulacrum bites you but does no damage. x2
The ice beast hits you. The ice beast freezes you!
There is a stone staircase leading up here.
Unknown command.
The hound simulacrum barely misses you. The ice beast barely misses you.
The bullfrog simulacrum hits you but does no damage.
You climb upwards.
There is a stone staircase leading down here.
Unknown command.
You closely miss the ice beast. You block the ice beast's attack.
You hit the ice beast.
The ice beast is lightly wounded.
The ice beast hits you. The ice beast freezes you!
You block the ice beast's attack.
You hit the ice beast.
The ice beast is lightly wounded.
The ice beast barely misses you.
You slash the ice beast!
The ice beast is heavily wounded.
The ice beast hits you but does no damage.
You closely miss the ice beast.
The ice beast is heavily wounded.
The ice beast closely misses you. The ice beast completely misses you.
You slash the ice beast!
The ice beast is almost dead.
The ice beast hits you.
* * * LOW HITPOINT WARNING * * *
The ice beast freezes you!
You die...

#####..##..........#.#.....
#..............#.#.###.
#.##.............#.#...
#.###...........##...#. #.#
#..........###..... #.#
#.#.#.....####.#.#. #.#
#...#........#...#. ##.#
#..#...#####...###. #..#
#.@...#####.÷#.###.
#.####Y.................
#.##..................#.
#.##.................... ######
#.##..................##
.....#####...............###...#
.....?.................[...).####
......###....................####
......###........................


You could see an ice beast.

Vanquished Creatures
  Menkaure (D:4)
  A necrophage (D:4)
  A jelly (D:4)
  Robin (D:4)
  4 gnolls (D:4)
  6 adders
  An ufetubus (D:3)
  A worm (D:2)
  A dart slug (D:2)
  12 orcs
  10 ball pythons
  3 bats
  6 endoplasms
  4 giant cockroaches
  10 goblins
  7 hobgoblins
  3 quokkas
  5 frilled lizards
  3 kobolds
  3 rats
83 creatures vanquished.

Notes
Turn   | Place    | Note
-------+----------+-------------------------------------------
     0 | D:1      | bande the Gargoyle Fighter began the quest for the Orb.
     0 | D:1      | Reached XP level 1. HP: 14/14 MP: 1/1
    64 | D:1      | Found a faded altar of an unknown god.
   127 | D:1      | Reached XP level 2. HP: 15/19 MP: 2/2
   352 | D:1      | Found Budiunat's Distillery.
   379 | D:1      | Bought 2 potions of degeneration for 24 gold pieces
   652 | D:2      | Reached XP level 3. HP: 21/23 MP: 3/3
   819 | D:2      | Found a shadowy altar of Dithmenos.
  1376 | D:3      | Reached XP level 4. HP: 29/29 MP: 4/4
  1869 | D:4      | Noticed a necrophage
  1880 | D:4      | Killed a necrophage
  1881 | D:4      | Reached XP level 5. HP: 21/33 MP: 5/5
  1930 | D:4      | Found a broken altar of Ashenzari.
  1930 | D:4      | Found a shadowy altar of Dithmenos.
  1961 | D:4      | Noticed Menkaure
  1970 | D:4      | Killed Menkaure
  1971 | D:4      | Reached skill level 1 in Evocations
  1971 | D:4      | Reached XP level 6. HP: 13/38 MP: 6/6
  2293 | D:4      | Noticed Robin
  2311 | D:4      | Killed Robin
  2348 | D:4      | Found a runed translucent gate.
  2348 | D:4      | Found a runed translucent gate.
  2349 | D:4      | Found a runed translucent gate.
  2372 | D:4      | Found Zin's Purification Station.
  2376 | D:4      | Found a glowing silver altar of Zin.
  2669 | D:4      | Noticed an ice beast
  2670 | D:4      | Noticed an ice beast
  2670 | D:4      | Noticed Cancer's ghost (amateur GrEE)
  2825 | D:4      | Found a shimmering altar of Xom.
  3665 | D:3      | Slain by an ice beast

Illustrated notes

Levels and vault maps discovered:
D:1:      dpeg_arrival_rooms_c, layout_basic,
          hellmonk_ecumenical_altar_lost_god, serial_shops, shop
D:2:      layout_rooms, basic_altar
D:3:      layout_rooms
D:4:      layout_cave_pools, zin_purify, kennysheep_little_box,
          gammafunk_temple_overflow_wave, serial_column_ruins,
          column_ruins_hut_pillars, column_ruins_corridor_straight,
          column_ruins_grid_1, column_ruins_columns_straight,
          column_ruins_columns_straight, column_ruins_grid_4,
          gammafunk_ghost_icy, hangedman_glass_teeth, serial_bayou_crossing,
          uniq_menkaure, uniq_robin

Skill      XL: |  1  2  3  4  5 |
---------------+----------------+-----
Axes           | 2 3 4 |  4.6
Armour         | 4 |  4.7
Fighting       | 4 |  4.2
Evocations     | 1 |  1.5
Dodging        | |  0.5
Shields        | |  3.9

Action                   |  1- 3 |  4- 6 || total
-------------------------+-------+-------++-------
Melee: War axe           |   101 |   157 ||   258
  Use: Scroll            |     3 |     6 ||     9
Armor: Scale mail        |    38 |       ||    38
       Plate armour      |    28 |   183 ||   211
Dodge: Dodged            |    49 |    66 ||   115
Block: Buckler           |    27 |    43 ||    70

Table legend: (Time is in decaauts)
 A = Elapsed time spent in this place.
 B = Non-inter-level travel time spent in this place.
 C = Inter-level travel time spent in this place.
 D = Time resting spent in this place.
 E = Time spent auto-exploring this place.
 F = Levels seen in this place.
 G = Mean time per level.
                   A        B        C        D        E       F      G
               +--------+--------+--------+--------+--------+-----+--------+
         Total |   3774 |   3766 |      8 |   1134 |   1901 |   4 |  943.5 |
       Dungeon |   3774 |   3766 |      8 |   1134 |   1901 |   4 |  943.5 |
               +--------+--------+--------+--------+--------+-----+--------+

Top non-repeatable levels by time:
     D:4: 1592 daAuts
     D:3: 799 daAuts
     D:2: 768 daAuts
     D:1: 614 daAuts
